 Dungeon Crawl Stone Soup version 0.22-a0-398-g8bb545f (webtiles) character file.

77 seerdeer the Gusty (level 4, -3/33 HPs)
             Began as a Draconian Air Elementalist on May 5, 2018.
             Was an Initiate of Vehumet.
             Slain by Crazy Yiuf
             ... wielding a +2 quarterstaff of chaos
              (12 damage)
             ... on level 3 of the Dungeon.
             The game lasted 00:15:37 (1966 turns).

seerdeer the Gusty (Draconian Air Elementalist)     Turns: 1966, Time: 00:15:39

Health: -3/33      AC:  5    Str: 10    XL:     4   Next: 13%
Magic:  5/8        EV: 12    Int: 17    God:    Vehumet [......]
Gold:   95         SH:  0    Dex: 11    Spells: 7/8 levels left

rFire    + . .     SeeInvis .   i - +2 dagger (holy)
rCold    . . .     Gourm    .   (no shield)
rNeg     . . .     Faith    .   (armour unavailable)
rPois    .         Spirit   .   (helmet restricted)
rElec    .         Reflect  .   (no cloak)
rCorr    .         Harm     .   (no gloves)
MR       .....                  (no boots)
Stlth    ++........             (no amulet)
HPRegen  0.11/turn              j - ring of protection from fire
MPRegen  0.11/turn              (no ring)

@: drained
A: unfitting armour, cold-blooded, AC +5
a: Renounce Religion


You were on level 3 of the Dungeon.
You worshipped Vehumet.
Vehumet was noncommittal.
You were not hungry.

You visited 1 branch of the dungeon, and saw 3 of its levels.

You collected 95 gold pieces.

Inventory:

Hand Weapons
 e - a +0 short sword
 i - a +2 dagger of holy wrath (weapon)
Missiles
 g - 2 javelins of penetration (quivered)
Armour
 k - a +0 robe
Jewellery
 j - a ring of protection from fire (left hand)
Wands
 h - a wand of flame (29)
Scrolls
 a - a scroll of remove curse
 c - a scroll of enchant armour
 f - a scroll of teleportation
Comestibles
 b - 3 rations
 d - a chunk of flesh


   Skills:
 + Level 0.1(0.0) Fighting
 + Level 0.5(0.2) Short Blades
 + Level 2.1(1.8) Dodging
 + Level 2.2(1.9) Stealth
 + Level 2.7(2.4) Spellcasting
 + Level 1.4(1.1) Conjurations
 + Level 3.7(3.4) Air Magic


You had 7 spell levels left.
You knew the following spells:

 Your Spells              Type           Power        Failure   Level  Hunger
a - Shock                 Conj/Air       #...         8%          1    #......


Dungeon Overview and Level Annotations

Branches:
Dungeon (3/15)

Altars:
Nemelex Xobeh
Vehumet
Xom
The Shining One

Annotations:
D:3 Crazy Yiuf


Innate Abilities, Weirdness & Mutations

Your plain brown scales are hard. (AC +5)
You cannot fit into any form of body armour.
You are cold-blooded and may be slowed by cold attacks.


Message History

You hit Crazy Yiuf.
Crazy Yiuf is heavily wounded.
Crazy Yiuf misses you.
You hit Crazy Yiuf.
Crazy Yiuf is almost dead.
Crazy Yiuf hits you with a quarterstaff of chaos.
Crazy Yiuf freezes you.
Some of the chunks of flesh in your inventory have rotted away.
You hit Crazy Yiuf.
You tail-slap Crazy Yiuf, but do no damage.
Crazy Yiuf is almost dead.
Crazy Yiuf hits you with a quarterstaff of chaos!
* * * LOW HITPOINT WARNING * * *
You completely miss Crazy Yiuf.
You tail-slap Crazy Yiuf, but do no damage.
Crazy Yiuf is almost dead.
Your resistance to elements expires.
Crazy Yiuf cries, "Cake spinner alas!"
Crazy Yiuf hits you with a quarterstaff of chaos!
You die...

#....# #.#
#....#
####.###
#....#
#......#
###..#
##.....# #.##
##....# ##.#
####.#.#####
#.##
#......^....
##.#
####.#.#####
#@## #.#.# #g#
####.#.# ...
#......# #...#
####.###
####### #)..#
#.# ......#
##### ##.# #<#
#.># #.#
#########..##
#.#
#...........##


You could see Crazy Yiuf.

Vanquished Creatures
  An adder (D:3)
  3 oozes
  3 dart slugs
  2 leopard geckos (D:2)
  2 orcs
  3 bats
  2 giant cockroaches (D:2)
  4 goblins
  8 hobgoblins
  3 jackals (D:1)
  A quokka (D:2)
  2 frilled lizards
  4 kobolds
  5 rats
43 creatures vanquished.

Notes
Turn   | Place    | Note
-------+----------+-------------------------------------------
     0 | D:1      | seerdeer the Draconian Air Elementalist began the quest for the Orb.
     0 | D:1      | Reached XP level 1. HP: 14/14 MP: 3/3
   165 | D:1      | Reached XP level 2. HP: 15/20 MP: 1/5
   822 | D:2      | Reached XP level 3. HP: 26/26 MP: 3/6
   995 | D:2      | Found a glowing golden altar of the Shining One.
  1005 | D:2      | Found a shimmering altar of Xom.
  1020 | D:2      | Found a radiant altar of Vehumet.
  1115 | D:2      | Became a worshipper of Vehumet
  1771 | D:2      | Found a sparkling altar of Nemelex Xobeh.
  1802 | D:3      | Reached XP level 4. HP: 26/33 MP: 2/8
  1954 | D:3      | Found a runed door.
  1958 | D:3      | Noticed Crazy Yiuf
  1966 | D:3      | Slain by Crazy Yiuf

Vault maps used:
D:1:      minmay_arrival_plants_in_alcoves
D:2:      minmay_overflow_temple_star_quad, nemelex_dance_club_becter,
          uniq_terence
D:3:      uniq_crazy_yiuf_cottage, uniq_ijyb

Skill      XL: |  1  2 |
---------------+-------+-----
Stealth        | 2 |  2.2
Dodging        | 2 |  2.1
Fighting       | |  0.1
Short Blades   | |  0.5
Spellcasting   | |  2.7
Conjurations   | |  1.4
Air Magic      | |  3.7

Action                   |  1- 3 |  4- 6 || total
-------------------------+-------+-------++-------
Melee: Short sword       |    21 |       ||    21
       Tailslap          |     5 |     2 ||     7
       Dagger            |    24 |     5 ||    29
 Cast: Shock             |    77 |    12 ||    89
  Use: Scroll            |    10 |     1 ||    11
       Potion            |     2 |     1 ||     3
  Eat: Chunk             |     4 |       ||     4
Armor: Skin              |    14 |       ||    14
Dodge: Dodged            |    34 |     1 ||    35

Table legend:
 A = Spawn XP
 B = Non-spawn XP
 C = Spawn XP percentage of total XP
 D = Spawn monster count
 E = Non-spawn monster count
 F = Spawn count percentage of total count
 G = Total turns spent on level
                    A         B        C        D         E        F      G
               +---------+---------+-------+---------+---------+-------+---------
         Total |       0 |     110 |   0.0 |       0 |      43 |   0.0 |  1966
               +---------+---------+-------+---------+---------+-------+---------
           D:1 |       0 |      37 |   0.0 |       0 |      16 |   0.0 |   766
           D:2 |       0 |      55 |   0.0 |       0 |      23 |   0.0 |  1026
           D:3 |       0 |      18 |   0.0 |       0 |       4 |   0.0 |   174
               +---------+---------+-------+---------+---------+-------+---------
